 Dungeon Crawl Stone Soup version 0.25-a0-583-g696c2ac64d (webtiles) character file.

Game seed: 5914995126919692819, levelgen mode: deterministic

185 Maize the Chopper (level 5, -2/70 HPs)
             Began as a Minotaur Berserker on Mar 8, 2020.
             Was a Priest of Trog.
             Slain by an ooze (3 damage)
             ... on level 3 of the Dungeon.
             The game lasted 00:02:40 (2189 turns).

Maize the Chopper (Minotaur Berserker)              Turns: 2189, Time: 00:02:41

Health: -2/70      AC:  0    Str: 23    XL:     5   Next: 37%
Magic:  4/4        EV: 12    Int:  4    God:    Trog [***...]
Gold:   93         SH:  0    Dex:  9    Spells: 4/4 levels left

rFire    . . .     SeeInvis .   a - +0 hand axe
rCold    . . .     Gourm    .   (no shield)
rNeg     . . .     Faith    .   j - +0 leather armour
rPois    .         Spirit   .   (helmet restricted)
rElec    .         Reflect  .   (no cloak)
rCorr    .         Harm     .   (no gloves)
MR       .....                  (no boots)
Stlth    ..........             (no amulet)
HPRegen  0.21/turn              (no ring)
MPRegen  0.09/turn              (no ring)

@: berserking, corroded, starving, very quick
A: retaliatory headbutt, horns 2
a: Berserk, Trog's Hand, Renounce Religion


You were on level 3 of the Dungeon.
You worshipped Trog.
Trog was most pleased with you.
You were starving.

You visited 1 branch of the dungeon, and saw 3 of its levels.

You collected 93 gold pieces.

Inventory:

Hand Weapons
 a - a +0 hand axe (weapon)
Armour
 b - a +0 animal skin
 j - a +0 leather armour (worn)
Scrolls
 d - a scroll of identify {unknown}
 g - a scroll of amnesia {unknown}
 h - a scroll of enchant armour {unknown}
 i - a scroll of blinking {unknown}
 k - 2 scrolls of teleportation {unknown}
 l - a scroll of remove curse {unknown}
 p - a scroll of fog {unknown}
Potions
 e - a potion of heal wounds {unknown}
 m - a potion of might {unknown}
 n - 3 potions of curing {unknown}
 o - a potion of ambrosia {unknown}
Comestibles
 c - 8 rations


   Skills:
 + Level 4.8 Fighting
 * Level 5.9 Axes
 + Level 3.9 Armour
 - Level 2.1 Dodging


You had 4 spell levels left.
You didn't know any spells.
Your spell library was empty.

Dungeon Overview and Level Annotations

Branches:
Dungeon (3/15)

Altars:
Elyvilon
Gozag
Wu Jian


Innate Abilities, Weirdness & Mutations

You reflexively headbutt those who attack you in melee.
You have a pair of horns on your head.


Message History

You kill the ooze!
Trog accepts your kill.
You hit the jelly but do no damage.
Your hands burn!
* * * LOW HITPOINT WARNING * * *
The jelly hits you.
* * * LOW HITPOINT WARNING * * *
You are splashed with acid!
* * * LOW HITPOINT WARNING * * *
You slash the jelly!
Your hands burn!
* * * LOW HITPOINT WARNING * * *
The jelly is heavily wounded.
You are starving!
You slash the jelly!
You feel the power of Trog in you as your rage grows.
You kill the jelly!
Trog accepts your kill.
You hit the ooze.
The ooze is moderately wounded.
The ooze hits you.
You die...

..# P.# #.# P.# #.#
..# #######.# ..#
#......(# J.#
#.......# #######J#
#.......###(..(.@#
#.......##.########
#.......###..'(...#
#.......######....#
#........##.......#
#####....##.......#
#>##.##.......#
#.##.##.......#
#.##.###())..##


You could see 2 oozes.

Vanquished Creatures
  2 jellies (D:3)
  3 adders
  5 oozes
  2 worms (D:2)
  2 dart slugs
  3 leopard geckos
  2 ball pythons
  9 bats
  3 giant cockroaches
  3 hobgoblins
  4 quokkas
  6 frilled lizards
  7 goblins
  17 kobolds
  3 rats (D:1)
71 creatures vanquished.

Vanquished Creatures (others)
  A fungus (D:3)
  8 toadstools (D:3)
9 creatures vanquished.

Grand Total: 80 creatures vanquished

Notes
Turn   | Place    | Note
-------+----------+-------------------------------------------
     0 | D:1      | Maize the Minotaur Berserker began the quest for the Orb.
     0 | D:1      | Reached XP level 1. HP: 19/19 MP: 0/0
   375 | D:1      | Reached skill level 4 in Axes
   433 | D:1      | Reached XP level 2. HP: 26/27 MP: 1/1
   693 | D:1      | Reached XP level 3. HP: 33/33 MP: 2/2
  1027 | D:2      | Found an opulent altar of Gozag.
  1033 | D:2      | Reached ** piety under Trog
  1381 | D:2      | Reached skill level 5 in Axes
  1381 | D:2      | Reached XP level 4. HP: 30/41 MP: 3/3
  1408 | D:2      | Found an opulent altar of Gozag.
  1408 | D:2      | Found an ornate altar of the Wu Jian Council.
  1766 | D:3      | Found a white marble altar of Elyvilon.
  1866 | D:3      | Reached *** piety under Trog
  2179 | D:3      | Reached XP level 5. HP: 15/47 MP: 4/4
  2187 | D:3      | HP: 1/70 [acid (3)]
  2189 | D:3      | Slain by an ooze

Levels and vault maps discovered:
D:1:      saegor_arrival_simple_b, layout_loops_cross, nrook_mini_backslash,
          minmay_misc_feat_rugged
D:2:      layout_basic, gammafunk_temple_overflow_pools, first_ration,
          grunt_gozag_statues
D:3:      cheibrodos_fertilizer, layout_rooms, elyvilon_altar_3

Skill      XL: |  1  2  3 |
---------------+----------+-----
Axes           | 4 5 |  5.9
Fighting       | 4 |  4.8
Armour         | 3 |  3.9
Dodging        | |  2.1

Action                   |  1- 3 |  4- 6 || total
-------------------------+-------+-------++-------
Melee: Hand axe          |    86 |    63 ||   149
       Headbutt          |    15 |    12 ||    27
Invok: Berserk           |       |     1 ||     1
  Eat: Chunk             |     1 |     2 ||     3
Armor: Animal skin       |    15 |       ||    15
       Leather armour    |    10 |    17 ||    27
Dodge: Dodged            |    68 |    42 ||   110

Table legend:
 A = Non-vault XP
 B = Vault XP
 C = Vault XP percentage of total XP
 D = Non-vault monster count
 E = Vault monster count
 F = Vault count percentage of total count
                 A         B        C        D         E       F
            +---------+---------+-------+---------+---------+-------
      Total |     147 |     118 |  44.5 |      59 |      12 |  16.9
            +---------+---------+-------+---------+---------+-------
        D:1 |      45 |       0 |   0.0 |      26 |       0 |   0.0
        D:2 |      74 |       0 |   0.0 |      22 |       0 |   0.0
        D:3 |      28 |     118 |  80.8 |      11 |      12 |  52.2
            +---------+---------+-------+---------+---------+-------
